 Dungeon Crawl Stone Soup version 0.27-a0-1557-g57f10a385c (webtiles) character file.

Game seed: 8572640694249087402

15232 tilp the Convoker (level 12, -4/92 HPs)
             Began as a Barachi Summoner on July 15, 2021.
             Was the Champion of Okawaru.
             Hit by a silver javelin thrown by a minotaur (14 damage)
             ... in a Gauntlet.
             The game lasted 00:40:36 (21682 turns).

tilp the Convoker (Barachi Summoner)               Turns: 21682, Time: 00:40:37

Health: -4/92      AC: 16    Str: 13    XL:     12   Next: 24%
Magic:  6/21       EV: 14    Int: 17    God:    Okawaru [******]
Gold:   77         SH:  0    Dex: 13    Spells: 10/23 levels left

rFire    + . .     SeeInvis +   a - +4 eveningstar (drain)
rCold    + + +     Faith    .   (no shield)
rNeg     . . .     Spirit   .   K - +4 skin of Zhor {*Englaciate rC+++ SInv}
rPois    .         Reflect  .   I - +0 helmet
rElec    .         Harm     .   m - +1 cloak
rCorr    .         Rampage  .   E - +2 pair of gloves
Will     .....     NoTele   +   (no boots)
Stlth    ++........             q - amulet of regeneration
HPRegen  1.25/turn              g - +4 ring of protection
MPRegen  0.17/turn              c - ring of protection from fire

@: slow
A: amphibious, slowness 1, strong legs 1, +LOS
a: Hop, Renounce Religion, Heroism, Finesse


You were in a Gauntlet.
You worshipped Okawaru.
Okawaru was exalted by your worship.
You visited 3 branches of the dungeon, and saw 13 of its levels.
You also visited: Gauntlet.

You collected 805 gold pieces.
You spent 728 gold pieces at shops.

Inventory:

Hand Weapons
 a - a +4 eveningstar of draining (weapon)
 b - a +2 rapier of venom
 A - a +1 scimitar of flaming
 F - a +2 glaive of flaming
 J - a +1 dire flail of protection
Missiles
 f - 81 poisoned darts (quivered)
 z - 8 atropa-tipped darts
 N - 3 curare-tipped darts
Armour
 m - a +1 cloak (worn)
 t - the +0 pair of gloves "Kibbioca" {rPois}
   (You found it in a Gauntlet)

   rPois:     It protects you from poison.
 u - a +2 leather armour of poison resistance
 v - a +2 robe of fire resistance
 E - a +2 pair of gloves (worn)
 I - a +0 helmet (worn)
 K - the +4 skin of Zhor (worn) {*Englaciate rC+++ SInv}
   (You found it on level 9 of the Dungeon)

   It radiates cold, occasionally slowing all nearby creatures who are not
   resistant to cold.
   rC:        It renders you almost immune to cold.
   SInv:      It lets you see invisible.
 O - +0 steam dragon scales
 R - the +0 pair of gloves of Uskayaw's Approval {Str+8 Stlth+}
   (You found it on level 7 of the Dungeon)

   Str:       It affects your strength (+8).
   Stlth:     It makes you more stealthy.
Jewellery
 c - a ring of protection from fire (right hand)
 g - a +4 ring of protection (left hand)
 q - an amulet of regeneration (around neck)
 x - the ring "Baatt" {rPois rF+ Dex+3 SInv}
   (You acquired it on level 2 of the Dungeon)

   [ring of see invisible]

   Dex:       It affects your dexterity (+3).
   rF:        It protects you from fire.
   rPois:     It protects you from poison.
   SInv:      It lets you see invisible.
 D - a ring of wizardry
 L - a ring of flight
 P - an amulet of the acrobat
Wands
 k - a wand of iceblast (5)
 n - a wand of mindburst (14)
 r - a wand of flame (21)
 H - a wand of polymorph (9)
Scrolls
 d - a scroll of amnesia
 w - 2 scrolls of teleportation
 y - 3 scrolls of blinking
Potions
 e - 4 potions of attraction
 h - a potion of resistance
 i - 2 potions of cancellation
 j - a potion of haste
 l - a potion of ambrosia
 o - 5 potions of lignification
 p - 2 potions of brilliance
 B - a potion of mutation
 C - 9 potions of curing
 M - a potion of berserk rage {unknown}
 Q - a potion of heal wounds


   Skills:
 - Level 8.0 Fighting
 + Level 5.4 Maces & Flails
 - Level 4.0 Armour
 - Level 6.0 Dodging
 - Level 4.0 Stealth
 - Level 6.0 Spellcasting
 - Level 15.0 Summonings
 - Level 4.0 Air Magic
 - Level 6.0 Invocations
 - Level 4.0 Evocations


You had 10 spell levels left.
You knew the following spells:

 Your Spells              Type           Power      Damage    Failure   Level
a - Summon Small Mammal   Summ           100%       N/A       1%          1
b - Call Imp              Summ           54%        N/A       1%          2
c - Call Canine Familiar  Summ           54%        N/A       1%          3
d - Summon Guardian Gole  Hex/Summ       30%        N/A       1%          3
e - Summon Lightning Spi  Summ/Air       37%        N/A       2%          4

Your spell library contained the following spells:

 Spells                   Type           Power      Damage    Failure   Level
 Corona                   Hex            5%         N/A       13%         1
 Blink                    Tloc           N/A        N/A       19%         2
 Ensorcelled Hibernation  Hex/Ice        10%        N/A       19%         2
 Slow                     Hex            5%         N/A       19%         2
 Sublimation of Blood     Necr           2%         N/A       19%         2
 Wereblood                Tmut           5%         N/A       19%         2
 Summon Hydra             Summ           27%        N/A       22%         7
 Confusing Touch          Hex            5%         N/A       36%         3
 Lesser Beckoning         Tloc           2%         N/A       36%         3
 Stone Arrow              Conj/Erth      10%        3d7       36%         3
 Tukima's Dance           Hex            5%         N/A       36%         3
 Bolt of Magma            Conj/Fire/Erth 2%         4d4       98%         5
 Manifold Assault         Tloc           5%         N/A       98%         5
 Yara's Violent Unravell  Hex/Tmut       2%         3d3       98%         5
 Storm Form               Tmut/Air       5%         N/A       100%        7
 Shatter                  Erth           2%         3d6*      100%        9


Dungeon Overview and Level Annotations

Branches:
Dungeon (11/15)            Temple (1/1) D:6            Lair (1/6) D:10
Gauntlet (1/1)
    Orc: D:9-12

Altars:
Ashenzari
Cheibriados
Dithmenos
Elyvilon
Fedhas
Gozag
Hepliaklqana
Kikubaaqudgha
Makhleb
Nemelex Xobeh
Okawaru
Qazlal
Ru
Sif Muna
Trog
Uskayaw
Vehumet
Wu Jian
Xom
Yredelemnul
Zin
The Shining One
Beogh

Shops:
D:3 [[***   D:5 =!(*=   D:6 *   D:10 [

Annotations:
D:7 Harold
D:8 2 transporters
D:10 Gastronok
Lair:1 exclusions: blink frog and 2 more exclusions Gauntlet 10 transporters, 21 runed translucent doors


Innate Abilities, Weirdness & Mutations

You are amphibious.
You cover ground slowly.
You can hop short distances.
You have an extended range of vision and can be seen from far away.


Message History

Unknown command.
Casting: Call Canine Familiar (safe; 1% risk of failure)
Confirm with . or Enter, or press ? or * to list all spells.
A guardian golem appears, shielding your allies.
The minotaur is no longer moving slowly.
Your lightning spire shoots out a bolt of lightning at the minotaur!
The bolt of electricity hits the minotaur.
Unknown command.
You radiate an aura of cold.
Your lightning spire is unaffected.
The minotaur resists.
Your wolf seems to slow down.
Your guardian golem is unaffected.
Your wolf is no longer moving slowly.
Unknown command.
Casting: Summon Guardian Golem (safe; 1% risk of failure)
Confirm with . or Enter, or press ? or * to list all spells.
An electric hum fills the air.
Your lightning spire disappears in a puff of smoke!
The minotaur throws a silver javelin.
The silver javelin barely misses you.
Your wolf bites the minotaur.
Unknown command.
You radiate an aura of cold.
Your lightning spire is unaffected.
Your wolf seems to slow down.
The minotaur resists.
Your guardian golem is unaffected.
Your wolf bites the minotaur.
Your wolf barely misses the minotaur.
The minotaur furiously retaliates!
The minotaur headbutts your wolf.
The minotaur hits you with the +14 obsidian axe {vorpal, Drain Fly SInv}!!
The minotaur hits your wolf with the +14 obsidian axe {vorpal, Drain Fly SInv}!!
The minotaur gores you but does no damage.
You radiate an aura of cold.
The ynoxinul is unaffected.
Your lightning spire is unaffected.
Your guardian golem is unaffected.
The minotaur resists.
Your wolf seems to slow down.
Your wolf bites the minotaur.
The ynoxinul gestures.
The minotaur throws a silver javelin.
The silver javelin pierces through you!!!
* * * LOW HITPOINT WARNING * * *
You die...

#.#Z.....#.#####.8.#
..#..#####.##©.....##
..#####.##Z#####.8....#
..#..$Z©=ZBB#.§#...# .#.#
# ..###########..#.8.# ...
' ≈.............≈#.8.##.#
##.
8≈............∩#.8Hh..#.'Z
≈.............≈#8..##.#.#
..###########..#@83# ...
..#....©....#..#5..##.#.#
..#...#.#...####.85...# #
..#....#....#©.....##.#
#.#.#..#..#.####.8.# ...
#.#.#######.#..#...# ####
#.#.#.©#..#.#..#≈8≈#
#.#....#....#..#####
#.#...###...#..#


You could see a minotaur (ally target), a spectral death yak, a spectral dream
sheep, a ynoxinul (summoned), 2 death scarabs, 2 ufetubi, a friendly guardian
golem (summoned), a friendly wolf (summoned, sheltered, slow) and a friendly
lightning spire (summoned, sheltered).

Vanquished Creatures
  3 two-headed ogres (D:11)
  A fire crab (Gauntlet)
  An ugly thing (D:11)
  A cyclops (shapeshifter) (D:10)
  A manticore (D:11)
  2 centaur zombies
  Maurice (D:8)
  3 rime drakes (D:9)
  2 yaks (D:8)
  A wyvern (D:10)
  Eustachio (D:4)
  A hell hound (Gauntlet)
  2 orc warriors
  A hornet zombie (D:7)
  2 necrophages
  2 wolves
  5 centaurs
  2 lemures (D:4)
  A phantom (D:6)
  A kobold brigand (D:8)
  4 bullfrogs
  A scorpion (D:6)
  3 killer bees (D:9)
  6 wights
  4 howler monkeys
  A crimson imp (D:5)
  A bullfrog zombie (D:6)
  5 orc priests
  2 gnoll shamans
  3 hounds
  Crazy Yiuf (D:2)
  4 bullfrog skeletons
  2 iguanas
  Natasha (D:2)
  2 orc wizards
  4 gnolls
  5 adders
  A shadow imp (D:8)
  A white imp (D:8)
  2 dart slugs
  18 orcs
  6 ball pythons
  A bat (D:1)
  5 endoplasms
  4 goblins
  6 hobgoblins
  8 jackals
  9 kobolds
  3 quokkas
  A frilled lizard (D:3)
  A rat (D:3)
149 creatures vanquished.

Vanquished Creatures (collateral kills)
  A hydra (D:11)
  2 two-headed ogres
  Pikel (D:4)
  A deep elf pyromancer (D:10)
  A necromancer (Gauntlet)
  The ghost of Nattefrost the Slasher, a novice HuGl of Okawaru (D:5)
  The ghost of Tungsten the Thaumaturge, a novice DjFE of Dithmenos (D:5)
  A centaur zombie (D:11)
  A gargoyle (D:10)
  Maggie (D:7)
  2 kobold demonologists (D:10)
  A rime drake (D:9)
  An unseen horror (D:11)
  An efreet (Gauntlet)
  A shadow (D:5)
  Sigmund (D:4)
  A human (D:10)
  A wraith (D:9)
  A fire elemental (Gauntlet)
  9 yaks
  2 fire bats (Gauntlet)
  Grum (D:11)
  Menkaure (D:7)
  A hell hound (Gauntlet)
  A water moccasin (D:7)
  2 ice beasts
  A sky beast (D:5)
  An ogre (D:3)
  A lemure (D:4)
  6 wolves
  2 centaurs (D:11)
  2 killer bees (D:9)
  2 wights (D:10)
  A bullfrog zombie (D:6)
  A crimson imp (D:10)
  A hound (D:4)
  An orc priest (D:9)
  A bullfrog skeleton (D:4)
  Natasha (twice) (D:2)
  An orc wizard (D:9)
  2 iguanas
  3 gnolls
  An adder (D:3)
  2 ufetubi
  A worm (D:2)
  The ghost of Sapher the Sneak, a weakling HuDe (D:5)
  8 orcs
  2 ball pythons
  A bat (D:3)
  An endoplasm (D:1)
  A goblin (D:4)
  2 hobgoblins
  2 jackals
  7 kobolds
  2 quokkas
  A frilled lizard (D:2)
  A rat (D:3)
99 creatures vanquished.

Vanquished Creatures (others)
  2 two-headed ogres
  A minotaur zombie (Gauntlet)
  A steam dragon (D:7)
  An ice beast (D:6)
  A kobold brigand (D:10)
  A gnoll sergeant (D:6)
  2 orc wizards (D:10)
  2 gnolls (D:5)
  An orc (D:11)
  A kobold (D:10)
  7 fungi (Gauntlet)
  46 plants
66 creatures vanquished.

Grand Total: 314 creatures vanquished

Notes
Turn   | Place    | Note
-------+----------+-------------------------------------------
     0 | D:1      | tilp the Barachi Summoner began the quest for the Orb.
     0 | D:1      | Reached XP level 1. HP: 13/13 MP: 3/3
    49 | D:1      | Reached skill level 1 in Fighting
   272 | D:1      | Reached XP level 2. HP: 22/22 MP: 0/5
   362 | D:1      | Learned a level 2 spell: Call Imp
   784 | D:1      | Reached skill level 5 in Summonings
  1071 | D:1      | Reached XP level 3. HP: 27/27 MP: 6/6
  1387 | D:1      | Learned a level 3 spell: Call Canine Familiar
  1491 | D:2      | Noticed Natasha
  1504 | D:2      | Killed Natasha
  1510 | D:2      | Noticed Natasha
  1925 | D:2      | Killed Natasha
  1926 | D:2      | Reached XP level 4. HP: 24/33 MP: 1/8
  2020 | D:2      | Found a white marble altar of Elyvilon.
  2071 | D:2      | Noticed Natasha
  2078 | D:2      | Killed Natasha
  2249 | D:2      | Found a faded altar of an unknown god.
  2355 | D:2      | Reached skill level 6 in Summonings
  2359 | D:2      | Learned a level 3 spell: Summon Guardian Golem
  2572 | D:2      | Found a runed translucent door.
  2573 | D:2      | Noticed Crazy Yiuf
  2857 | D:3      | Found Olucwun's General Store.
  2860 | D:3      | Bought a +0 leather armour for 28 gold pieces
  2994 | D:3      | Found Pourhex's Assorted Antiques.
  3023 | D:3      | Found Jeosag's Assorted Antiques.
  3047 | D:3      | Noticed an orc warrior
  3075 | D:3      | Killed an orc warrior
  3076 | D:3      | Reached XP level 5. HP: 15/40 MP: 0/9
  3311 | D:3      | Found Roenno's Antique Armour Boutique.
  3335 | D:3      | Found Hytuucw's Antique Armour Boutique.
  3433 | D:3      | Noticed a necrophage
  3464 | D:3      | Killed a necrophage
  3465 | D:3      | Reached XP level 6. HP: 31/47 MP: 6/10
  4109 | D:3      | Bought a scroll labelled JACI KABRYOT for 25 gold pieces
  4109 | D:3      | Bought a scroll labelled QAFEOQ ZAMP for 25 gold pieces
  5367 | D:4      | Noticed Eustachio
  5397 | D:4      | Noticed Pikel
  5425 | D:4      | Killed Pikel
  5426 | D:4      | Reached XP level 7. HP: 50/54 MP: 2/13
  5582 | D:4      | You fall into a shaft and drop 2 floors!
  5609 | D:5      | Entered Level 5 of the Dungeon
  5845 | D:4      | Noticed Sigmund
  6120 | D:4      | Killed Eustachio
  6121 | D:4      | Reached skill level 7 in Summonings
  6121 | D:4      | Reached skill level 1 in Evocations
  6272 | D:4      | Killed Sigmund
  6273 | D:4      | Reached XP level 8. HP: 34/60 MP: 4/14
  6451 | D:3      | Bought a scroll labelled XANKUV XEAK for 25 gold pieces
  6451 | D:3      | Bought a scroll labelled TOZALU NOTSULO for 25 gold pieces
  6576 | D:2      | Acquired the ring "Baatt" {rPois rF+ Dex+3 SInv}
  6625 | D:2      | Killed Crazy Yiuf
  6831 | D:5      | Noticed a shadow
  6831 | D:5      | Found Ysuekun's Jewellery Shop.
  6842 | D:5      | Killed a shadow
  6843 | D:5      | Reached skill level 8 in Summonings
  6907 | D:5      | Learned a level 4 spell: Summon Lightning Spire
  6966 | D:5      | Found a runed translucent gate.
  6966 | D:5      | Found a runed translucent gate.
  6966 | D:5      | Found a runed translucent gate.
  6967 | D:5      | Noticed Nattefrost's ghost (novice HuGl)
  6968 | D:5      | Noticed Sapher's ghost (weakling HuDe)
  6968 | D:5      | Noticed Tungsten's ghost (novice DjFE)
  6976 | D:5      | Found Hunoz's Assorted Antiques.
  7020 | D:5      | Reached skill level 5 in Fighting
  7164 | D:5      | Found Ejozikue's Distillery.
  7177 | D:5      | Found Lusetogi's Jewellery Shop.
  7228 | D:5      | Found Gaakaul's Antique Weapon Boutique.
  7269 | D:5      | Found a burning altar of Makhleb.
  7361 | D:5      | Bought a scroll labelled FOUBACH EBRI for 30 gold pieces
  7361 | D:5      | Bought a scroll labelled FAYSOM DEAP for 30 gold pieces
  7507 | D:6      | Reached skill level 1 in Air Magic
  7725 | D:6      | Found Ivvucsula's CLEARANCE SALE! EVERYTHING MUST GO!.
  7814 | D:6      | Bought a scroll of identify for 14 gold pieces
  8059 | D:6      | Reached XP level 9. HP: 64/69 MP: 1/15
  8099 | D:6      | Reached skill level 9 in Summonings
  8273 | D:6      | Found a white marble altar of Elyvilon.
  8339 | D:6      | Found a staircase to the Ecumenical Temple.
  8576 | D:5      | Bought a potion of degeneration for 15 gold pieces
  8635 | D:7      | Noticed Menkaure
  8936 | D:7      | Found an ornate altar of the Wu Jian Council.
  9273 | D:7      | Noticed Harold
  9511 | D:7      | Reached skill level 5 in Spellcasting
  9705 | D:7      | Noticed Maggie
 10318 | Temple   | Entered the Ecumenical Temple
 10566 | Temple   | Became a worshipper of Warmaster Okawaru
 10704 | D:5      | Bought a potion of curing for 45 gold pieces
 11223 | D:8      | Found a transporter.
 11223 | D:8      | Noticed a troll
 11223 | D:8      | Noticed a troll
 11226 | D:8      | Noticed a two-headed ogre
 11228 | D:8      | Found a transporter.
 11245 | D:8      | Noticed Maurice
 11257 | D:8      | Killed Maurice
 11258 | D:8      | Reached skill level 10 in Summonings
 11696 | D:3      | Bought a potion of heal wounds for 70 gold pieces
 12342 | D:7      | Reached * piety under Okawaru
 12749 | D:8      | Reached skill level 11 in Summonings
 13034 | D:9      | Noticed a two-headed ogre
 13041 | D:9      | Killed a two-headed ogre
 13041 | D:9      | Reached ** piety under Okawaru
 13042 | D:9      | Reached XP level 10. HP: 76/76 MP: 13/19
 13120 | D:9      | Reached skill level 12 in Summonings
 13121 | D:9      | Reached skill level 1 in Invocations
 13419 | D:9      | Reached *** piety under Okawaru
 13673 | D:9      | Found a stormy altar of Qazlal.
 13675 | D:9      | Found a hide-covered altar of Uskayaw.
 13682 | D:9      | Found a sacrificial altar of Ru.
 13946 | D:9      | Found the +4 skin of Zhor {*Englaciate rC+++ SInv}
 13963 | D:9      | Reached skill level 1 in Armour
 13970 | D:9      | Reached **** piety under Okawaru
 14153 | D:9      | Found a blossoming altar of Fedhas.
 15303 | D:10     | Entered Level 10 of the Dungeon
 15311 | D:10     | Noticed a gargoyle
 15332 | D:10     | Killed a gargoyle
 15626 | D:10     | Found a snail-covered altar of Cheibriados.
 15628 | D:10     | Found Cheibriados's Comfort Zone.
 15662 | D:10     | Noticed a cyclops
 15662 | D:10     | a komodo dragon changed into a cyclops
 15672 | D:10     | Killed a cyclops
 15673 | D:10     | Reached skill level 5 in Dodging
 16004 | D:10     | Noticed Gastronok
 16062 | D:10     | Found a radiant altar of Vehumet.
 16220 | D:10     | Noticed a two-headed ogre
 16228 | D:10     | Killed a two-headed ogre
 16228 | D:10     | Reached ***** piety under Okawaru
 16229 | D:10     | Reached skill level 5 in Invocations
 16229 | D:10     | Reached XP level 11. HP: 75/84 MP: 11/20
 16371 | D:10     | Found a staircase to the Lair.
 16437 | D:10     | Noticed a deep elf pyromancer
 16443 | D:10     | Noticed Sonja
 16771 | D:10     | Noticed Sonja
 16771 | D:10     | Sonja changed into Sonja the wyvern
 16782 | D:10     | Killed Sonja the wyvern
 17329 | D:10     | Killed a deep elf pyromancer
 17551 | D:11     | Noticed Grum
 17574 | D:11     | Noticed a two-headed ogre
 17578 | D:11     | Killed a two-headed ogre
 17953 | D:11     | Noticed a four-headed hydra
 17962 | D:11     | Killed a four-headed hydra
 18046 | D:11     | Noticed a purple ugly thing
 18047 | D:11     | Noticed a two-headed ogre
 18069 | D:11     | Killed a purple ugly thing
 18127 | D:11     | Noticed a two-headed ogre
 18140 | D:11     | Killed a two-headed ogre
 18141 | D:11     | Reached skill level 13 in Summonings
 18144 | D:11     | Noticed a two-headed ogre
 18146 | D:11     | HP: 4/86 [two-headed ogre (7)]
 18148 | D:11     | Killed a two-headed ogre
 18148 | D:11     | Received a gift from Okawaru
 18156 | D:11     | Killed a two-headed ogre
 18564 | D:11     | Noticed a two-headed ogre
 18587 | D:11     | Killed a two-headed ogre
 18588 | D:11     | Reached skill level 14 in Summonings
 18684 | D:11     | Noticed a manticore
 18747 | D:11     | Killed Grum
 18903 | D:11     | Reached ****** piety under Okawaru
 18939 | D:11     | Killed a manticore
 19471 | D:5      | Bought a runed eveningstar for 396 gold pieces
 19506 | D:5      | Killed Tungsten's ghost
 19506 | D:5      | Received a gift from Okawaru
 19507 | D:5      | Killed Sapher's ghost
 19515 | D:5      | Killed Nattefrost's ghost
 20006 | D:7      | Killed Menkaure
 20335 | D:7      | Killed Maggie
 20336 | D:7      | Reached XP level 12. HP: 92/92 MP: 9/21
 20348 | D:7      | Identified the +0 pair of gloves of Uskayaw's Approval
                  | {Str+8 Stlth+}
 20462 | D:7      | Reached skill level 15 in Summonings
 20768 | Lair:1   | Entered Level 1 of the Lair of Beasts
 20787 | Lair:1   | Reached skill level 1 in Maces & Flails
 20905 | Lair:1   | Found a gate leading to a gauntlet.
 20920 | Gauntlet | Entered a Gauntlet
 20920 | Gauntlet | Found a transporter.
 20920 | Gauntlet | Found a transporter.
 20920 | Gauntlet | Found a large runed translucent door.
 20920 | Gauntlet | Found a large runed translucent door.
 20920 | Gauntlet | Found a large runed translucent door.
 20920 | Gauntlet | Found a large runed translucent door.
 20920 | Gauntlet | Found a large runed translucent door.
 20920 | Gauntlet | Found a large runed translucent door.
 20920 | Gauntlet | Found a runed translucent door.
 20920 | Gauntlet | Found a runed translucent door.
 20920 | Gauntlet | Found a large runed translucent door.
 20920 | Gauntlet | Found a large runed translucent door.
 20920 | Gauntlet | Found a large runed translucent door.
 20920 | Gauntlet | Found a large runed translucent door.
 20920 | Gauntlet | Found a large runed translucent door.
 20920 | Gauntlet | Found a large runed translucent door.
 20920 | Gauntlet | Found a large runed translucent door.
 20920 | Gauntlet | Found a large runed translucent door.
 20920 | Gauntlet | Found a large runed translucent door.
 20920 | Gauntlet | Found a large runed translucent door.
 20923 | Gauntlet | Found a transporter.
 20923 | Gauntlet | Found a transporter.
 20927 | Gauntlet | Noticed a catoblepas
 20929 | Gauntlet | Found a runed translucent gate.
 20929 | Gauntlet | Found a runed translucent gate.
 20929 | Gauntlet | Found a runed translucent gate.
 20931 | Gauntlet | Found a transporter.
 20944 | Gauntlet | Found a transporter.
 20944 | Gauntlet | Found a transporter.
 20950 | Gauntlet | Noticed a death scarab
 20951 | Gauntlet | Noticed a death scarab
 20954 | Gauntlet | Found a transporter.
 20954 | Gauntlet | Found a transporter.
 20981 | Gauntlet | Found a transporter.
 20997 | Gauntlet | Found a transporter.
 21054 | Gauntlet | Found a transporter.
 21068 | Gauntlet | Found a transporter.
 21101 | Gauntlet | Noticed a satyr
 21158 | Gauntlet | Found a transporter.
 21170 | Gauntlet | Found a transporter.
 21192 | Gauntlet | Found a transporter.
 21342 | Gauntlet | Received a gift from Okawaru
 21489 | Gauntlet | Reached skill level 5 in Maces & Flails
 21582 | Gauntlet | Identified the +0 pair of gloves "Kibbioca" {rPois}
 21605 | Gauntlet | Noticed a minotaur
 21682 | Gauntlet | Hit by a silver javelin thrown by a minotaur

Illustrated notes

Levels and vault maps discovered:
D:1:      minmay_arrival_glassed_features, layout_basic,
          chequers_serial_rivers_small_b, minmay_pentomino_q2
D:2:      layout_basic, basic_altar, shapermc_ecumenical_altar_starsandcircs,
          uniq_natasha, uniq_crazy_yiuf_cottage
D:3:      layout_basic, serial_shops, shop, nicolae_shop_behind_doors,
          nicolae_shop_stone, nicolae_diamond_shop, shop, bh_walls_and_bars
D:4:      layout_gridville, serial_bayou, serial_bayou_pond_a,
          serial_bayou_ford_a, serial_bayou_lagoon_b, serial_bayou_lake_a,
          uniq_eustachio, uniq_sigmund, uniq_pikel
D:5:      layout_rooms, makhleb_grotto_becter, serial_shops,
          nicolae_diamond_shop, shop, nicolae_lakefront_shop, shop, shop,
          gammafunk_ghost_cemetery
D:6:      layout_basic, elyvilon_altar_3, minmay_temple_entry_poolview,
          serial_corexii_hall, chequers_hall_statues_y, corexii_hall_statues_s,
          amcnicky_mini_corridor_feature, ebering_dispersal_statue_hall,
          nicolae_shop_clearance
D:7:      layout_basic, general_overflow_altar, serial_co_window_serial,
          co_window_of_opportunity_a, co_window_corner_a,
          co_window_of_opportunity_a, co_window_paths_b, co_window_corner_a,
          co_window_corner_b, co_window_broadway_c, co_window_unsneaky_path_e,
          co_window_sun, co_window_4corner_b, glass_columns_a, uniq_menkaure,
          uniq_harold, uniq_maggie
D:8:      gammafunk_beogh_shrine, layout_loops_cross, uniq_maurice
D:9:      layout_irregular_city, mainiacjoe_overflow_brackets,
          gammafunk_temple_overflow_forgotten, kennysheep_cluttered_room,
          hellmonk_guarded_unrand_zhor
D:10:     layout_basic, fiery_altar_vehumet, lair_entry_dummy, minmay_shop_chei,
          hangedman_stone_soup, uniq_gastronok, uniq_sonja
D:11:     layout_roguey, uniq_grum
Temple:   dpeg_chambers_temple
Lair:1:   layout_regular_city, gauntlet_entry_generic, serial_rivers,
          chequers_serial_rivers_micro_c, chequers_serial_rivers_room_b,
          chequers_serial_rivers_small_b, chequers_serial_rivers_small_a,
          chequers_serial_rivers_micro_b, beast_lair_carwin_7, lemuel_fruit_tree
Gauntlet: gammafunk_gauntlet_branching
          [minmay_gauntlet_arena_make_your_own_arena,
          nicolae_gauntlet_arena_blocks, gammafunk_gauntlet_arena_hedges,
          nicolae_gauntlet_arena_quarters, gammafunk_gauntlet_arena_corners,
          gammafunk_gauntlet_arena_chambers, gammafunk_gauntlet_arena_crates,
          nicolae_gauntlet_arena_t_cross, gauntlet_exit_hidden_loot]

Skill      XL: |  1  2  3  4  5  6  7  8  9 10 11 12 |
---------------+-------------------------------------+-----
Fighting       | 1 2 3 4 6 7 8 |  8.0
Summonings     | 5 6 7 8 11 12 14 15 | 15.0
Spellcasting   | 3 4 6 |  6.0
Stealth        | 2 4 |  4.0
Dodging        | 3 4 5 6 |  6.0
Evocations     | 2 4 |  4.0
Air Magic      | 2 4 |  4.0
Invocations    | 5 6 |  6.0
Armour         | 4 |  4.0
Maces & Flails | 5 |  5.4

Action                   |  1- 3 |  4- 6 |  7- 9 | 10-12 || total
-------------------------+-------+-------+-------+-------++-------
Melee: Quarterstaff      |    47 |   114 |       |       ||   161
       Whip              |       |       |    59 |       ||    59
       Rapier            |       |       |   221 |   258 ||   479
       Punch             |       |       |       |     2 ||     2
       Eveningstar       |       |       |       |    84 ||    84
Throw: Dart              |       |     1 |       |     3 ||     4
 Cast: Summon Small Mamm |    11 |     1 |       |       ||    12
       Call Imp          |    15 |    37 |    23 |     3 ||    78
       Call Canine Famil |     2 |    16 |    19 |    38 ||    75
       Summon Guardian G |       |       |     9 |    16 ||    25
       Summon Lightning  |       |       |       |    25 ||    25
Invok: Heroism           |       |       |       |     6 ||     6
       Finesse           |       |       |       |     1 ||     1
 Abil: Hop               |       |     2 |     2 |     6 ||    10
Evoke: Wand              |       |     2 |     2 |    17 ||    21
  Use: Scroll            |     4 |     7 |     6 |     9 ||    26
       Potion            |       |       |       |     3 ||     3
 Stab: Sleeping          |     2 |     4 |     8 |     3 ||    17
       Distracted        |       |     2 |     5 |     9 ||    16
Armor: Robe              |    15 |     2 |       |       ||    17
       Leather armour    |       |    48 |   120 |    50 ||   218
       Animal skin       |       |       |       |   110 ||   110
Dodge: Dodged            |    35 |    91 |   184 |   306 ||   616

Table legend: (Time is in decaauts)
 A = Elapsed time spent in this place.
 B = Non-inter-level travel time spent in this place.
 C = Inter-level travel time spent in this place.
 D = Time resting spent in this place.
 E = Time spent auto-exploring this place.
 F = Levels seen in this place.
 G = Mean time per level.
                   A        B        C        D        E       F      G
               +--------+--------+--------+--------+--------+-----+--------+
         Total |  24117 |  20450 |   3667 |   5651 |  11582 |  14 | 1722.6 |
       Dungeon |  22794 |  19203 |   3591 |   5598 |  10854 |  11 | 2072.2 |
        Temple |    323 |    248 |     75 |      0 |    246 |   1 |  323.0 |
          Lair |    181 |    181 |      0 |      0 |      0 |   1 |  181.0 |
      Gauntlet |    818 |    818 |      0 |     53 |    482 |   1 |  818.0 |
               +--------+--------+--------+--------+--------+-----+--------+

Top non-repeatable levels by time:
     D:7: 3146 daAuts
    D:10: 2439 daAuts
     D:4: 2371 daAuts
     D:3: 2189 daAuts
     D:1: 2124 daAuts
     D:9: 2087 daAuts
     D:8: 1933 daAuts
     D:6: 1878 daAuts
     D:5: 1564 daAuts
    D:11: 1550 daAuts
     D:2: 1509 daAuts
Gauntlet: 818 daAuts
  Temple: 323 daAuts
  Lair:1: 181 daAuts
